 Dungeon Crawl Stone Soup version 0.17.1-2-g5865329 (webtiles) character file.

335 Faustar the Cudgeler (level 6, 0/71 HPs)
             Began as an Ogre Berserker on Jan 22, 2016.
             Was a Priest of Trog.
             Succumbed to poison (a potion of poison)
             ... on level 4 of the Dungeon.
             The game lasted 00:11:47 (3731 turns).

Faustar the Cudgeler (Ogre Berserker)               Turns: 3731, Time: 00:11:47

Health: 0/71       AC:  4    Str: 25      XL:     6   Next: 53%
Magic:  6/6        EV:  7    Int:  2 (4)  God:    Trog [***...]
Gold:   172        SH:  7    Dex:  9      Spells: 0 memorised, 5 levels left

rFire  . . .     SeeInvis .     a - +0 mace
rCold  + . .     Clarity  .     b - +0 animal skin
rNeg   + . .     SustAt   .     k - +0 shield
rPois  .         Gourm    .     (helmet restricted)
rElec  .         Spirit   .     u - +0 cloak
rCorr  .         Warding  +     (gloves unavailable)
rMut   .         Stasis   .     (boots unavailable)
MR     +....                    r - amulet of warding
Stlth  +.........               (no ring)
                                h - ring of wizardry

@: lethally poisoned (0 -> -44), somewhat resistant to hostile enchantments,
very unstealthy
A: unfitting armour, cold resistance 1, dopey 1, magic resistance 1, tough skin
1
a: Berserk, Trog's Hand, Burn Spellbooks, Renounce Religion


You were on level 4 of the Dungeon.
You worshipped Trog.
Trog was most pleased with you.
You were not hungry.

You visited 1 branch of the dungeon, and saw 4 of its levels.
You also visited: Ossuary.

You collected 172 gold pieces.

Inventory:

Hand Weapons
 a - a +0 mace (weapon)
Armour
 b - a +0 animal skin (worn)
 k - a +0 shield (worn)
 u - a +0 cloak (worn)
Jewellery
 h - a ring of wizardry (left hand)
 r - an amulet of warding (around neck)
Scrolls
 d - a scroll of fog {unknown}
 g - 4 scrolls of remove curse
 j - 2 scrolls of amnesia {unknown}
 n - a scroll of identify
 p - a scroll of teleportation
 q - a scroll of blinking
 t - a scroll of magic mapping
 y - a scroll of noise {unknown}
Potions
 m - a potion of curing
 o - a potion of flight
 x - a potion of mutation
 z - a potion of cure mutation {unknown}
 A - 5 potions of poison
 B - 2 potions of lignification
Comestibles
 c - 4 bread rations
 i - a meat ration


   Skills:
 + Level 7.0 Fighting
 + Level 7.3 Maces & Flails
 - Level 2.6 Dodging


You had 5 spell levels left.
You didn't know any spells.

Dungeon Overview and Level Annotations

Branches:
Dungeon (4/15)             Temple (0/1) D:4

Altars:
Xom


Innate Abilities, Weirdness & Mutations

You are too large for most types of armour.
You have tough skin (AC +1).
Your flesh is cold resistant.
You are dopey. (Int -2)
You are resistant to hostile enchantments.


Message History

* * * LOW HITPOINT WARNING * * *
You are more poisoned.
The scorpion poisons you!
You hit the scorpion.
The scorpion is almost dead.
* * * LOW HITPOINT WARNING * * *
You feel very sick. You block the scorpion's attack.
You are too injured to fight recklessly!
You hit the scorpion.
The scorpion is almost dead.
* * * LOW HITPOINT WARNING * * *
You feel very sick. The scorpion stings you.
* * * LOW HITPOINT WARNING * * *
You are too injured to fight recklessly!
Drink which item? (? for menu, Esc to quit)
It was a potion of poison.
That liquid tasted very nasty...
You are more poisoned.
You die...

*,,,,,,,* *,,,,,,,* **,,,,,*****
**,,,,,***,**
*,,,,,,,,,,,***##***
*,,,,,,,**,,,,,....###########
*,,,,,,,#*,,*****#...........#
**,,,,,,....##########.......###
**,,,,,......s@.....#..........
***,,,.....#######........#...
*,,,...,,,,,,#####........##
**,,#***,,,,...##...........
********,* *,*,,............###.
,,,,,,,*,* *,**.#...........##..
,,,,,,,,,****,**.....#.........<.
,,,,,,,,,,,,,,,,...........####..
,,,,,,,,*,,,,,,>.........#.......


You could see a scorpion.

Vanquished Creatures
  An orc priest (D:3)
  3 centaur zombies (Ossuary)
  A worker ant (D:3)
  A big kobold zombie (Ossuary)
  5 mummies (Ossuary)
  An adder (D:1)
  3 worms
  A giant gecko (D:1)
  3 orcs (D:3)
  5 bats
  A giant cockroach (D:3)
  A gnoll zombie (Ossuary)
  9 goblins
  9 hobgoblins
  6 jackals (D:1)
  5 ball pythons
  5 giant newts
  2 goblin zombies
  9 kobolds
  A kobold zombie (Ossuary)
  2 orc zombies
  2 quokkas (D:3)
  8 rats
84 creatures vanquished.

Notes
Turn   | Place    | Note
--------------------------------------------------------------
     0 | D:1      | Faustar the Ogre Berserker began the quest for the Orb.
     0 | D:1      | Reached XP level 1. HP: 24/24 MP: 1/1
   217 | D:1      | Reached XP level 2. HP: 29/33 MP: 2/2
   599 | D:1      | Reached XP level 3. HP: 37/40 MP: 3/3
   603 | D:1      | Reached skill level 5 in Maces & Flails
   908 | D:1      | Reached ** piety under Trog
  1151 | D:2      | Reached skill level 5 in Fighting
  1151 | D:2      | Reached XP level 4. HP: 25/50 MP: 4/4
  1633 | D:2      | Found a shimmering altar of Xom.
  1885 | D:3      | Reached skill level 6 in Maces & Flails
  2298 | D:3      | Reached XP level 5. HP: 46/59 MP: 5/5
  2707 | D:3      | Reached *** piety under Trog
  3005 | D:4      | Found a staircase to the Ecumenical Temple.
  3027 | D:4      | Found a sand-covered staircase.
  3045 | Ossuary  | Entered an ossuary
  3273 | Ossuary  | Reached XP level 6. HP: 68/68 MP: 6/6
  3279 | Ossuary  | Reached skill level 7 in Maces & Flails
  3681 | D:4      | Gained mutation: Your flesh is cold resistant. [potion of mutation]
  3681 | D:4      | Gained mutation: You are resistant to hostile enchantments. [potion of mutation]
  3681 | D:4      | Gained mutation: You are dopey. (Int -2) [potion of mutation]
  3731 | D:4      | Succumbed to poison (a potion of poison)

Action                   |  1- 3 |  4- 6 || total
-------------------------+-------+-------++-------
Melee: Mace              |   125 |   142 ||   267
Invok: Berserk           |       |     2 ||     2
  Use: Scroll            |       |    14 ||    14
       Potion            |       |     8 ||     8
 Stab: Sleeping          |       |     1 ||     1
       Distracted        |       |     1 ||     1
  Eat: Chunk             |     1 |     5 ||     6
       Meat ration       |       |     1 ||     1
       Beef jerky        |       |     1 ||     1
